 Dungeon Crawl Stone Soup version 0.25-a0-1119-g28b6fd0c3b (webtiles) character file.

Game seed: 14841669965410554790, levelgen mode: deterministic

65 funkygono the Conjurer (level 3, -3/26 HPs)
             Began as a Draconian Conjurer on May 17, 2020.
             Slain by a sky beast (6 damage)
             ... on level 3 of the Dungeon.
             The game lasted 00:04:30 (2275 turns).

funkygono the Conjurer (Draconian Conjurer)         Turns: 2275, Time: 00:04:31

Health: -3/26      AC:  7    Str: 10    XL:     3   Next: 92%
Magic:  1/6        EV: 12    Int: 16    God:
Gold:   77         SH:  0    Dex: 11    Spells: 0/6 levels left

rFire    . . .     SeeInvis .   f - +0 club
rCold    . . .     Gourm    .   (no shield)
rNeg     . . .     Faith    .   (armour unavailable)
rPois    .         Spirit   .   (helmet restricted)
rElec    .         Reflect  .   h - +0 cloak
rCorr    .         Harm     .   e - +0 pair of gloves
MR       .....                  (no boots)
Stlth    ++........             (no amulet)
HPRegen  0.08/turn              (no ring)
MPRegen  0.10/turn              (no ring)

@: flying
A: unfitting armour, cold-blooded, AC +5
a: no special abilities


You were on level 3 of the Dungeon.
You were hungry.

You visited 1 branch of the dungeon, and saw 3 of its levels.

You collected 77 gold pieces.

Inventory:

Hand Weapons
 f - a +0 club (weapon)
Missiles
 g - 101 stones (quivered)
Armour
 e - a +0 pair of gloves (worn)
 h - a +0 cloak (worn)
Scrolls
 a - a scroll of identify
 c - a scroll of fear
 j - a scroll of enchant armour {unknown}
 k - a scroll of magic mapping
Comestibles
 b - 8 rations


   Skills:
 + Level 2.0 Dodging
 + Level 1.8 Stealth
 + Level 2.1 Spellcasting
 + Level 5.3 Conjurations


You couldn't memorise any spells.
You knew the following spells:

 Your Spells              Type           Power        Failure   Level  Hunger
a - Magic Dart            Conj           ###.         2%          1    #......
b - Searing Ray           Conj           ###...       3%          2    ###....
c - Dazzling Flash        Conj/Hex       ##....       21%         3    ###....

Your spell library contained the following spells:

 Spells                   Type           Power        Failure   Level  Hunger
 Fulminant Prism          Conj/Hex       ##........   56%         4    #####..
 Iskenderun's Mystic Bla  Conj/Tloc      ##......     56%         4    #####..


Dungeon Overview and Level Annotations

Branches:
Dungeon (3/15)

Altars:


Innate Abilities, Weirdness & Mutations

Your plain brown scales are hard. (AC +5)
You cannot fit into any form of body armour.
You are cold-blooded and may be slowed by cold attacks.


Message History

The sky beast is heavily wounded.
The sky beast flickers out of sight!
Deactivating autopickup; reactivate with Ctrl-A.
Something barely misses you.
You barely miss something. You tail-slap something.
A sky beast appears from thin air!
Reactivating autopickup.
The sky beast closely misses you. The sky beast hits you.
* * * LOW HITPOINT WARNING * * *
The sky beast shocks you.
* * * LOW HITPOINT WARNING * * *
You feel better.
The sky beast flickers out of sight!
Deactivating autopickup; reactivate with Ctrl-A.
Something hits you but does no damage.
You feel very buoyant.
You fly up into the air.
Something hits you but does no damage.
You closely miss something. Something hits you.
* * * LOW HITPOINT WARNING * * *
Something shocks you.
You die...

###.######.#.#.#
#............#.#
#.##.#####.###.#
####.#........#.#
#.#
..........#.##.#
#.#
#####.######.#.##.#
.............#.##.#
≈.≈.≈......###.##.#
#....{@≈#.....# .#
#≈.≈#≈≈≈#######
≈≈.♣ ♣.≈≈.. ..
♣≈..≈....
..♣.♣≈......
≈.≈≈≈..######
..≈...≈# .≈#≈≈# ♣#


There were no monsters in sight!

Vanquished Creatures
  2 adders (D:2)
  A leopard gecko (D:1)
  6 giant cockroaches
  8 goblins
  6 hobgoblins
  5 kobolds
  7 bats
  3 frilled lizards
  4 rats
42 creatures vanquished.

Notes
Turn   | Place    | Note
-------+----------+-------------------------------------------
     0 | D:1      | funkygono the Draconian Conjurer began the quest for the
                  | Orb.
     0 | D:1      | Reached XP level 1. HP: 14/14 MP: 3/3
   334 | D:1      | Reached XP level 2. HP: 20/20 MP: 0/5
   338 | D:1      | Learned a level 2 spell: Searing Ray
  1244 | D:2      | Reached XP level 3. HP: 26/26 MP: 3/6
  1340 | D:2      | Reached skill level 5 in Conjurations
  2045 | D:2      | Learned a level 3 spell: Dazzling Flash
  2260 | D:3      | Noticed a sky beast
  2272 | D:3      | HP: 1/26 [sky beast (6)]
  2275 | D:3      | Slain by a sky beast

Illustrated notes

Levels and vault maps discovered:
D:1:      psy_arrival_dodecagon, layout_basic
D:2:      layout_loops_ring, first_ration
D:3:      layout_basic, minmay_fountain_box, chequers_serial_rivers_marsh,
          minmay_statues_item, nemelex_diamond_rough_becter, uniq_terence,
          uniq_grinder

Skill      XL: |  1  2  3 |
---------------+----------+-----
Conjurations   | 5 |  5.3
Dodging        | 2 |  2.0
Stealth        | |  1.8
Spellcasting   | |  2.1

Action                   || total
-------------------------++-------
Melee: Club              ||    25
       Tailslap          ||     1
 Cast: Magic Dart        ||    90
  Use: Scroll            ||     8
       Potion            ||     2
  Eat: Chunk             ||     5
Armor: Skin              ||     7
Dodge: Dodged            ||    21

Table legend:
 A = Non-vault XP
 B = Vault XP
 C = Vault XP percentage of total XP
 D = Non-vault monster count
 E = Vault monster count
 F = Vault count percentage of total count
                 A         B        C        D         E       F
            +---------+---------+-------+---------+---------+-------
      Total |      93 |       0 |   0.0 |      42 |       0 |   0.0
            +---------+---------+-------+---------+---------+-------
        D:1 |      38 |       0 |   0.0 |      21 |       0 |   0.0
        D:2 |      51 |       0 |   0.0 |      18 |       0 |   0.0
        D:3 |       4 |       0 |   0.0 |       3 |       0 |   0.0
            +---------+---------+-------+---------+---------+-------
